 Dungeon Sprint DCSS version 0.28-a0-268-g3f656e82c2 (webtiles) character file.

Game seed: 7681081031643397658

6600000 theanonym the Axe Maniac (level 27, -24/298 HPs)
             Began as a Deep Dwarf Gladiator on Aug 29, 2021.
             Was the Champion of Makhleb.
             Annihilated by a destroyer (66 damage)
             ... in the Dungeon (Sprint VIII: "Arena of Blood").
             The game lasted 00:02:44 (66 turns).

theanonym the Axe Maniac (Deep Dwarf Gladiator)       Turns: 66, Time: 00:02:44

Health: -24/298    AC:  8    Str: 29    XL:     27
Magic:  29/54      EV: 26    Int: 11    God:    Makhleb [******]
Gold:   0          SH:  0    Dex: 14    Spells: 80/80 levels left

rFire   . . .      SeeInvis .   e - +∞ Axe of Woe
rCold   . . .      Faith    .   (shield currently unavailable)
rNeg    + . .      Spirit   .   b - +0 leather armour
rPois   .          Reflect  .   c - +0 helmet
rElec   .          Harm     .   (no cloak)
rCorr   .          Rampage  .   (no gloves)
Will    ++++.      NoTele   +   (no boots)
Stlth   +++++++++.              (no amulet)
HPRegen 0.00/turn               (no ring)
MPRegen 0.34/turn               (no ring)

@: no status effects
A: damage resistance, heal wounds, negative energy resistance 1, sense
surroundings 3, no regeneration
a: Heal Wounds, Renounce Religion, Minor Destruction, Lesser Servant of Makhleb,
Major Destruction, Greater Servant of Makhleb


Innate Abilities, Weirdness & Mutations

You are resistant to damage.
You can heal yourself by infusing magical energy.
You resist negative energy. (rN+)
You passively map a large area around you.
You do not regenerate.


   Skills:
 O Level 27 Fighting
 + Level 22.9(26.1) Short Blades
 + Level 24.4(27) Long Blades
 O Level 27 Axes
 O Level 27 Maces & Flails
 O Level 27 Polearms
 O Level 27 Staves
 O Level 27 Slings
 + Level 19.9 Bows
 + Level 26.4 Crossbows
 O Level 27 Throwing
 O Level 27 Armour
 O Level 27 Dodging
 O Level 27 Stealth
 + Level 26.2 Shields
 O Level 27 Unarmed Combat
 O Level 27 Spellcasting
 + Level 23.0 Conjurations
 + Level 21.4 Hexes
 + Level 22.8 Summonings
 + Level 26.2 Necromancy
 + Level 26.1 Translocations
 + Level 22.9 Transmutations
 + Level 22.8 Fire Magic
 + Level 22.9 Ice Magic
 + Level 19.9 Air Magic
 O Level 27 Earth Magic
 + Level 21.4 Poison Magic
 O Level 27 Invocations
 O Level 27 Evocations


You had 80 spell levels left.
You didn't know any spells.
Your spell library was empty.

Skill      XL: |  1  2  3  4  5  6  7  8  9 10 11 12 13 14 15 16 17 18 19 20 21 22 23 24 25 26 27 |
---------------+----------------------------------------------------------------------------------+-----
Fighting       | 15 22 24 27 | 27.0
Axes           | 23 27 | 27.0
Armour         | 18 26 27 | 27.0
Dodging        | 14 26 27 | 27.0
Stealth        | 21 27 | 27.0
Invocations    | 21 27 | 27.0
Maces & Flails | 9 21 24 26 27 | 27.0
Polearms       | 8 20 22 25 27 | 27.0
Slings         | 10 23 25 27 | 27.0
Throwing       | 9 20 22 25 27 | 27.0
Unarmed Combat | 8 20 22 25 27 | 27.0
Spellcasting   | 8 18 21 23 27 | 27.0
Staves         | 26 27 | 27.0
Short Blades   | 8 12 16 22 | 22.9
Long Blades    | 9 13 17 24 | 24.4
Bows           | 6 11 14 19 | 19.9
Crossbows      | 10 15 19 26 | 26.4
Shields        | 10 15 18 26 | 26.2
Conjurations   | 8 12 16 23 | 23.0
Hexes          | 7 12 14 21 | 21.4
Summonings     | 8 12 16 22 | 22.8
Necromancy     | 10 15 18 26 | 26.2
Translocations | 9 15 18 26 | 26.1
Transmutations | 8 12 16 22 | 22.9
Fire Magic     | 8 12 16 22 | 22.8
Ice Magic      | 8 12 16 22 | 22.9
Air Magic      | 7 11 13 19 | 19.9
Earth Magic    | 11 17 21 27 | 27.0
Poison Magic   | 7 12 15 21 | 21.4
Evocations     | 11 17 21 27 | 27.0

Action                   |  1- 3 |  4- 6 |  7- 9 | 10-12 | 13-15 | 16-18 | 19-21 | 22-24 | 25-27 || total
-------------------------+-------+-------+-------+-------+-------+-------+-------+-------+-------++-------
Melee: Executioner's axe |     1 |       |       |       |     2 |     6 |     4 |    10 |    13 ||    36
Throw: Throwing net      |     1 |       |       |       |       |       |       |       |       ||     1
Armor: Leather armour    |       |       |       |       |       |       |     1 |       |     1 ||     2
Dodge: Dodged            |     2 |       |       |       |       |       |     1 |       |     9 ||    12

Inventory:

Hand Weapons
 a - a +0 war axe
 e - the +∞ Axe of Woe (weapon)
Missiles
 d - 2 throwing nets (quivered)
Armour
 b - a +0 leather armour (worn)
 c - a +0 helmet (worn)
Scrolls
 B - a scroll of blinking
Potions
 g - 2 potions of magic
 h - a potion of haste
 i - a potion of berserk rage
 q - a potion of heal wounds
 w - a potion of curing You were in the Dungeon. You worshipped Makhleb. Makhleb was exalted by your worship. You visited 1 branch

Dungeon Overview and Level Annotations

Branches:
Dungeon (1/1)

Altars:
Makhleb

* , ,, , , *,, , ,
............o. , , , * ,
............. , ,
,.O.........., , , , ,
,... ,........... , , , ,
..§. ,.......... ,,, , *
,*,....., #...Oz..# , ,,
, , , .#... #...ooO.# ...
,, *
,o....###...MO@V###.X..
,,,
........).###).).M§X§.,,
, ..#.....))._.))O§X§.X.
, , ,
#.......#.))))#..X.X..*
,,......V)#_W<._#.......,
,, ,,
#.....§)#.))).#...2..# *,
, ,
,..#...))W.)_)....O....
,........))###......... ,
.....###.......###.... ,
,, *


You could see 2 accurseds, 2 tentacled monstrosities, a meat beast (fast), a
destroyer, a sculptor of flesh, a large bag of meat (inner flame), 3 large
abominations, 2 dreads, 5 meat berserkers and 3 bags of meat.

Notes
Turn   | Place    | Note
-------+----------+-------------------------------------------
     0 | D        | Found the +∞ Axe of Woe
     0 | D        | theanonym the Deep Dwarf Gladiator began the quest for the
                  | Orb.
     0 | D        | Reached XP level 1. HP: 19/19 MP: 1/1
     1 | D        | Noticed a bag of meat
     2 | D        | Became a worshipper of Makhleb the Destroyer
     3 | D        | Noticed a meat berserker
     3 | D        | Noticed a bag of meat
     4 | D        | Noticed a bag of meat
     4 | D        | Noticed a meat berserker
     6 | D        | Noticed a bag of meat
     6 | D        | Noticed a bag of meat
     7 | D        | Noticed a bag of meat
     9 | D        | Noticed a bag of meat
    10 | D        | Noticed a bag of meat
    11 | D        | Killed a meat berserker
    11 | D        | Noticed a meat berserker
    11 | D        | Noticed a bag of meat
    12 | D        | Reached skill level 15 in Fighting
    12 | D        | Reached skill level 23 in Axes
    12 | D        | Reached skill level 18 in Armour
    12 | D        | Reached XP level 2. HP: 52/52 MP: 2/2
    12 | D        | Reached XP level 3. HP: 60/60 MP: 3/3
    12 | D        | Reached XP level 4. HP: 68/68 MP: 4/4
    12 | D        | Reached XP level 5. HP: 75/75 MP: 5/5
    12 | D        | Reached XP level 6. HP: 84/84 MP: 6/6
    12 | D        | Reached XP level 7. HP: 91/91 MP: 7/7
    12 | D        | Reached XP level 8. HP: 99/99 MP: 8/8
    12 | D        | Gained mutation: You passively map the area around you.
                  | [Deep Dwarf growth]
    12 | D        | Reached XP level 9. HP: 108/108 MP: 9/9
    12 | D        | Reached XP level 10. HP: 116/116 MP: 10/10
    12 | D        | Reached XP level 11. HP: 123/123 MP: 11/11
    12 | D        | Reached XP level 12. HP: 132/132 MP: 12/12
    12 | D        | Reached XP level 13. HP: 139/139 MP: 13/13
    12 | D        | Killed a meat berserker
    12 | D        | Reached * piety under Makhleb
    12 | D        | Killed a bag of meat
    12 | D        | Killed a bag of meat
    12 | D        | Killed a bag of meat
    12 | D        | Reached ** piety under Makhleb
    12 | D        | Noticed a bag of meat
    13 | D        | Reached skill level 22 in Fighting
    13 | D        | Reached skill level 27 in Axes
    13 | D        | Reached skill level 26 in Armour
    13 | D        | Gained mutation: You resist negative energy. (rN+) [Deep
                  | Dwarf growth]
    13 | D        | Reached XP level 14. HP: 169/169 MP: 14/14
    13 | D        | Reached XP level 15. HP: 177/177 MP: 15/15
    13 | D        | Noticed a meat berserker
    15 | D        | Reached skill level 24 in Fighting
    15 | D        | Reached skill level 27 in Armour
    15 | D        | Reached skill level 14 in Dodging
    15 | D        | Reached XP level 16. HP: 193/193 MP: 16/16
    15 | D        | Reached *** piety under Makhleb
    16 | D        | Reached skill level 26 in Fighting
    16 | D        | Reached skill level 20 in Dodging
    16 | D        | Killed a meat berserker
    17 | D        | Reached skill level 27 in Fighting
    17 | D        | Reached skill level 26 in Dodging
    17 | D        | Reached XP level 17. HP: 208/208 MP: 17/17
    17 | D        | Reached **** piety under Makhleb
    18 | D        | Reached skill level 27 in Dodging
    18 | D        | Reached skill level 12 in Stealth
    18 | D        | Reached skill level 12 in Invocations
    18 | D        | Noticed a meat berserker
    19 | D        | Killed a meat berserker
    19 | D        | Noticed a meat berserker
    20 | D        | Reached skill level 21 in Stealth
    20 | D        | Reached skill level 21 in Invocations
    20 | D        | Gained mutation: You passively map a large area around you.
                  | [Deep Dwarf growth]
    20 | D        | Reached XP level 18. HP: 179/218 MP: 17/32
    20 | D        | Noticed a destroyer
    22 | D        | Reached skill level 23 in Stealth
    22 | D        | Reached skill level 23 in Invocations
    23 | D        | Noticed a large bag of meat
    24 | D        | Noticed a large bag of meat
    24 | D        | Noticed a meat berserker
    25 | D        | Killed a meat berserker
    25 | D        | Killed a large bag of meat
    25 | D        | Noticed a destroyer
    26 | D        | Reached skill level 27 in Stealth
    26 | D        | Reached skill level 27 in Invocations
    26 | D        | Reached skill level 9 in Maces & Flails
    26 | D        | Reached skill level 8 in Polearms
    26 | D        | Reached skill level 10 in Slings
    26 | D        | Reached skill level 9 in Throwing
    26 | D        | Reached skill level 8 in Unarmed Combat
    26 | D        | Reached skill level 8 in Spellcasting
    26 | D        | Reached XP level 19. HP: 175/226 MP: 18/36
    26 | D        | Noticed a meat berserker
    26 | D        | Noticed a destroyer
    26 | D        | Noticed a meat berserker
    26 | D        | Noticed a meat berserker
    27 | D        | Killed a meat berserker
    28 | D        | Reached skill level 12 in Maces & Flails
    28 | D        | Reached skill level 11 in Polearms
    28 | D        | Reached skill level 13 in Slings
    28 | D        | Reached skill level 11 in Throwing
    28 | D        | Reached skill level 11 in Unarmed Combat
    28 | D        | Reached skill level 10 in Spellcasting
    28 | D        | Noticed a destroyer
    28 | D        | Reached ***** piety under Makhleb
    29 | D        | Reached skill level 14 in Maces & Flails
    29 | D        | Reached skill level 13 in Polearms
    29 | D        | Reached skill level 15 in Slings
    29 | D        | Reached skill level 13 in Throwing
    29 | D        | Reached skill level 13 in Unarmed Combat
    29 | D        | Reached skill level 12 in Spellcasting
    29 | D        | Noticed a meat berserker
    30 | D        | Noticed a meat berserker
    31 | D        | Killed a meat berserker
    31 | D        | Killed a large bag of meat
    31 | D        | Killed a destroyer
    31 | D        | Killed a destroyer
    32 | D        | Reached skill level 21 in Maces & Flails
    32 | D        | Reached skill level 20 in Polearms
    32 | D        | Reached skill level 23 in Slings
    32 | D        | Reached skill level 20 in Throwing
    32 | D        | Reached skill level 20 in Unarmed Combat
    32 | D        | Reached skill level 18 in Spellcasting
    32 | D        | Reached XP level 20. HP: 209/236 MP: 19/42
    32 | D        | Reached XP level 21. HP: 216/244 MP: 19/43
    32 | D        | Reached ****** piety under Makhleb
    33 | D        | Reached skill level 24 in Maces & Flails
    33 | D        | Reached skill level 22 in Polearms
    33 | D        | Reached skill level 25 in Slings
    33 | D        | Reached skill level 22 in Throwing
    33 | D        | Reached skill level 22 in Unarmed Combat
    33 | D        | Reached skill level 21 in Spellcasting
    33 | D        | Reached XP level 22. HP: 254/254 MP: 20/47
    33 | D        | Noticed a large bag of meat
    34 | D        | Reached skill level 25 in Maces & Flails
    34 | D        | Reached skill level 23 in Polearms
    34 | D        | Reached skill level 26 in Slings
    34 | D        | Reached skill level 23 in Throwing
    34 | D        | Reached skill level 23 in Unarmed Combat
    35 | D        | Reached skill level 26 in Maces & Flails
    35 | D        | Reached skill level 25 in Polearms
    35 | D        | Reached skill level 27 in Slings
    35 | D        | Reached skill level 25 in Throwing
    35 | D        | Reached skill level 25 in Unarmed Combat
    35 | D        | Reached skill level 23 in Spellcasting
    35 | D        | Reached XP level 23. HP: 262/262 MP: 20/50
    35 | D        | Noticed a destroyer
    37 | D        | Reached skill level 27 in Maces & Flails
    37 | D        | Reached skill level 26 in Polearms
    37 | D        | Reached skill level 26 in Throwing
    37 | D        | Reached skill level 26 in Unarmed Combat
    37 | D        | Reached skill level 24 in Spellcasting
    37 | D        | Noticed a destroyer
    38 | D        | Reached skill level 27 in Polearms
    38 | D        | Reached skill level 27 in Throwing
    38 | D        | Reached skill level 27 in Unarmed Combat
    38 | D        | Reached skill level 25 in Spellcasting
    38 | D        | Killed a destroyer
    39 | D        | Reached skill level 27 in Spellcasting
    39 | D        | Reached skill level 17 in Staves
    39 | D        | Killed a destroyer
    40 | D        | Reached skill level 26 in Staves
    40 | D        | Reached XP level 24. HP: 272/272 MP: 21/54
    41 | D        | Reached skill level 27 in Staves
    41 | D        | Reached skill level 2 in Short Blades
    41 | D        | Reached skill level 2 in Long Blades
    41 | D        | Reached skill level 1 in Bows
    41 | D        | Reached skill level 2 in Crossbows
    41 | D        | Reached skill level 2 in Shields
    41 | D        | Reached skill level 2 in Conjurations
    41 | D        | Reached skill level 2 in Hexes
    41 | D        | Reached skill level 2 in Summonings
    41 | D        | Reached skill level 3 in Necromancy
    41 | D        | Reached skill level 3 in Translocations
    41 | D        | Reached skill level 2 in Transmutations
    41 | D        | Reached skill level 2 in Fire Magic
    41 | D        | Reached skill level 2 in Ice Magic
    41 | D        | Reached skill level 1 in Air Magic
    41 | D        | Reached skill level 3 in Earth Magic
    41 | D        | Reached skill level 2 in Poison Magic
    41 | D        | Reached skill level 3 in Evocations
    41 | D        | Killed a large bag of meat
    42 | D        | Reached skill level 5 in Short Blades
    42 | D        | Reached skill level 5 in Long Blades
    42 | D        | Reached skill level 4 in Bows
    42 | D        | Reached skill level 6 in Crossbows
    42 | D        | Reached skill level 6 in Shields
    42 | D        | Reached skill level 5 in Conjurations
    42 | D        | Reached skill level 4 in Hexes
    42 | D        | Reached skill level 5 in Summonings
    42 | D        | Reached skill level 6 in Necromancy
    42 | D        | Reached skill level 6 in Translocations
    42 | D        | Reached skill level 5 in Transmutations
    42 | D        | Reached skill level 5 in Fire Magic
    42 | D        | Reached skill level 5 in Ice Magic
    42 | D        | Reached skill level 4 in Air Magic
    42 | D        | Reached skill level 7 in Earth Magic
    42 | D        | Reached skill level 4 in Poison Magic
    42 | D        | Reached skill level 7 in Evocations
    42 | D        | Noticed a destroyer
    46 | D        | Reached skill level 6 in Short Blades
    46 | D        | Reached skill level 7 in Long Blades
    46 | D        | Reached skill level 5 in Bows
    46 | D        | Reached skill level 8 in Crossbows
    46 | D        | Reached skill level 8 in Shields
    46 | D        | Reached skill level 6 in Conjurations
    46 | D        | Reached skill level 6 in Hexes
    46 | D        | Reached skill level 6 in Summonings
    46 | D        | Reached skill level 8 in Necromancy
    46 | D        | Reached skill level 8 in Translocations
    46 | D        | Reached skill level 6 in Transmutations
    46 | D        | Reached skill level 6 in Fire Magic
    46 | D        | Reached skill level 6 in Ice Magic
    46 | D        | Reached skill level 5 in Air Magic
    46 | D        | Reached skill level 9 in Earth Magic
    46 | D        | Reached skill level 6 in Poison Magic
    46 | D        | Reached skill level 10 in Evocations
    46 | D        | Noticed a destroyer
    47 | D        | Reached skill level 8 in Short Blades
    47 | D        | Reached skill level 9 in Long Blades
    47 | D        | Reached skill level 6 in Bows
    47 | D        | Reached skill level 10 in Crossbows
    47 | D        | Reached skill level 10 in Shields
    47 | D        | Reached skill level 8 in Conjurations
    47 | D        | Reached skill level 7 in Hexes
    47 | D        | Reached skill level 8 in Summonings
    47 | D        | Reached skill level 10 in Necromancy
    47 | D        | Reached skill level 9 in Translocations
    47 | D        | Reached skill level 8 in Transmutations
    47 | D        | Reached skill level 8 in Fire Magic
    47 | D        | Reached skill level 8 in Ice Magic
    47 | D        | Reached skill level 7 in Air Magic
    47 | D        | Reached skill level 11 in Earth Magic
    47 | D        | Reached skill level 7 in Poison Magic
    47 | D        | Reached skill level 11 in Evocations
    47 | D        | Reached XP level 25. HP: 280/280 MP: 23/54
    48 | D        | Reached skill level 7 in Bows
    48 | D        | Reached skill level 9 in Conjurations
    48 | D        | Reached skill level 8 in Hexes
    48 | D        | Reached skill level 10 in Translocations
    48 | D        | Reached skill level 9 in Transmutations
    48 | D        | Reached skill level 12 in Earth Magic
    48 | D        | Reached skill level 8 in Poison Magic
    48 | D        | Reached skill level 12 in Evocations
    49 | D        | Killed a destroyer
    50 | D        | Reached skill level 11 in Short Blades
    50 | D        | Reached skill level 12 in Long Blades
    50 | D        | Reached skill level 10 in Bows
    50 | D        | Reached skill level 13 in Crossbows
    50 | D        | Reached skill level 13 in Shields
    50 | D        | Reached skill level 11 in Conjurations
    50 | D        | Reached skill level 10 in Hexes
    50 | D        | Reached skill level 11 in Summonings
    50 | D        | Reached skill level 13 in Necromancy
    50 | D        | Reached skill level 13 in Translocations
    50 | D        | Reached skill level 11 in Transmutations
    50 | D        | Reached skill level 11 in Fire Magic
    50 | D        | Reached skill level 11 in Ice Magic
    50 | D        | Reached skill level 10 in Air Magic
    50 | D        | Reached skill level 15 in Earth Magic
    50 | D        | Reached skill level 10 in Poison Magic
    50 | D        | Reached skill level 16 in Evocations
    50 | D        | Noticed an accursed
    51 | D        | Reached skill level 12 in Short Blades
    51 | D        | Reached skill level 13 in Long Blades
    51 | D        | Reached skill level 11 in Bows
    51 | D        | Reached skill level 15 in Crossbows
    51 | D        | Reached skill level 15 in Shields
    51 | D        | Reached skill level 12 in Conjurations
    51 | D        | Reached skill level 12 in Hexes
    51 | D        | Reached skill level 12 in Summonings
    51 | D        | Reached skill level 15 in Necromancy
    51 | D        | Reached skill level 15 in Translocations
    51 | D        | Reached skill level 12 in Transmutations
    51 | D        | Reached skill level 12 in Fire Magic
    51 | D        | Reached skill level 12 in Ice Magic
    51 | D        | Reached skill level 11 in Air Magic
    51 | D        | Reached skill level 17 in Earth Magic
    51 | D        | Reached skill level 12 in Poison Magic
    51 | D        | Reached skill level 17 in Evocations
    51 | D        | Reached XP level 26. HP: 290/290 MP: 24/54
    52 | D        | Reached skill level 13 in Short Blades
    52 | D        | Reached skill level 14 in Long Blades
    52 | D        | Reached skill level 13 in Conjurations
    52 | D        | Reached skill level 13 in Summonings
    52 | D        | Reached skill level 13 in Transmutations
    52 | D        | Reached skill level 13 in Fire Magic
    52 | D        | Reached skill level 13 in Ice Magic
    53 | D        | Reached skill level 18 in Earth Magic
    53 | D        | Reached skill level 18 in Evocations
    53 | D        | Noticed a tyrant
    53 | D        | Killed a destroyer
    54 | D        | Reached skill level 14 in Short Blades
    54 | D        | Reached skill level 15 in Long Blades
    54 | D        | Reached skill level 12 in Bows
    54 | D        | Reached skill level 17 in Crossbows
    54 | D        | Reached skill level 17 in Shields
    54 | D        | Reached skill level 14 in Conjurations
    54 | D        | Reached skill level 13 in Hexes
    54 | D        | Reached skill level 14 in Summonings
    54 | D        | Reached skill level 17 in Necromancy
    54 | D        | Reached skill level 16 in Translocations
    54 | D        | Reached skill level 14 in Transmutations
    54 | D        | Reached skill level 14 in Fire Magic
    54 | D        | Reached skill level 14 in Ice Magic
    54 | D        | Reached skill level 12 in Air Magic
    54 | D        | Reached skill level 19 in Earth Magic
    54 | D        | Reached skill level 13 in Poison Magic
    54 | D        | Reached skill level 19 in Evocations
    55 | D        | Reached skill level 15 in Short Blades
    55 | D        | Reached skill level 16 in Long Blades
    55 | D        | Reached skill level 13 in Bows
    55 | D        | Reached skill level 15 in Conjurations
    55 | D        | Reached skill level 14 in Hexes
    55 | D        | Reached skill level 15 in Summonings
    55 | D        | Reached skill level 17 in Translocations
    55 | D        | Reached skill level 15 in Transmutations
    55 | D        | Reached skill level 15 in Fire Magic
    55 | D        | Reached skill level 15 in Ice Magic
    55 | D        | Reached skill level 13 in Air Magic
    55 | D        | Reached skill level 20 in Earth Magic
    55 | D        | Reached skill level 14 in Poison Magic
    55 | D        | Reached skill level 20 in Evocations
    55 | D        | Killed a destroyer
    56 | D        | Reached skill level 16 in Short Blades
    56 | D        | Reached skill level 17 in Long Blades
    56 | D        | Reached skill level 14 in Bows
    56 | D        | Reached skill level 19 in Crossbows
    56 | D        | Reached skill level 18 in Shields
    56 | D        | Reached skill level 16 in Conjurations
    56 | D        | Reached skill level 16 in Summonings
    56 | D        | Reached skill level 18 in Necromancy
    56 | D        | Reached skill level 18 in Translocations
    56 | D        | Reached skill level 16 in Transmutations
    56 | D        | Reached skill level 16 in Fire Magic
    56 | D        | Reached skill level 16 in Ice Magic
    56 | D        | Reached skill level 21 in Earth Magic
    56 | D        | Reached skill level 15 in Poison Magic
    56 | D        | Reached skill level 21 in Evocations
    56 | D        | Reached XP level 27. HP: 256/298 MP: 25/54
    57 | D        | Noticed a tyrant
    58 | D        | Noticed a large bag of meat
    58 | D        | Killed an accursed
    58 | D        | Noticed an accursed
    59 | D        | Reached skill level 17 in Short Blades
    59 | D        | Reached skill level 19 in Long Blades
    59 | D        | Reached skill level 15 in Bows
    59 | D        | Reached skill level 20 in Crossbows
    59 | D        | Reached skill level 20 in Shields
    59 | D        | Reached skill level 17 in Conjurations
    59 | D        | Reached skill level 16 in Hexes
    59 | D        | Reached skill level 17 in Summonings
    59 | D        | Reached skill level 20 in Necromancy
    59 | D        | Reached skill level 20 in Translocations
    59 | D        | Reached skill level 17 in Transmutations
    59 | D        | Reached skill level 17 in Fire Magic
    59 | D        | Reached skill level 17 in Ice Magic
    59 | D        | Reached skill level 15 in Air Magic
    59 | D        | Reached skill level 23 in Earth Magic
    59 | D        | Reached skill level 16 in Poison Magic
    59 | D        | Reached skill level 23 in Evocations
    59 | D        | Noticed an accursed
    59 | D        | Noticed The Captor
    61 | D        | Reached skill level 18 in Short Blades
    61 | D        | Reached skill level 20 in Long Blades
    61 | D        | Reached skill level 16 in Bows
    61 | D        | Reached skill level 21 in Crossbows
    61 | D        | Reached skill level 21 in Shields
    61 | D        | Reached skill level 18 in Conjurations
    61 | D        | Reached skill level 17 in Hexes
    61 | D        | Reached skill level 18 in Summonings
    61 | D        | Reached skill level 21 in Necromancy
    61 | D        | Reached skill level 21 in Translocations
    61 | D        | Reached skill level 18 in Transmutations
    61 | D        | Reached skill level 18 in Fire Magic
    61 | D        | Reached skill level 18 in Ice Magic
    61 | D        | Reached skill level 16 in Air Magic
    61 | D        | Reached skill level 24 in Earth Magic
    61 | D        | Reached skill level 17 in Poison Magic
    61 | D        | Reached skill level 24 in Evocations
    62 | D        | Reached skill level 19 in Short Blades
    62 | D        | Reached skill level 21 in Long Blades
    62 | D        | Reached skill level 22 in Crossbows
    62 | D        | Reached skill level 22 in Shields
    62 | D        | Reached skill level 19 in Conjurations
    62 | D        | Reached skill level 18 in Hexes
    62 | D        | Reached skill level 19 in Summonings
    62 | D        | Reached skill level 22 in Necromancy
    62 | D        | Reached skill level 22 in Translocations
    62 | D        | Reached skill level 19 in Transmutations
    62 | D        | Reached skill level 19 in Fire Magic
    62 | D        | Reached skill level 19 in Ice Magic
    62 | D        | Reached skill level 25 in Earth Magic
    62 | D        | Reached skill level 18 in Poison Magic
    62 | D        | Reached skill level 25 in Evocations
    62 | D        | Noticed a dread
    63 | D        | Noticed a dread
    64 | D        | Killed The Captor
    64 | D        | Killed a tyrant
    64 | D        | Noticed a meat beast
    65 | D        | Reached skill level 22 in Short Blades
    65 | D        | Reached skill level 24 in Long Blades
    65 | D        | Reached skill level 19 in Bows
    65 | D        | Reached skill level 26 in Crossbows
    65 | D        | Reached skill level 26 in Shields
    65 | D        | Reached skill level 22 in Conjurations
    65 | D        | Reached skill level 21 in Hexes
    65 | D        | Reached skill level 22 in Summonings
    65 | D        | Reached skill level 26 in Necromancy
    65 | D        | Reached skill level 26 in Translocations
    65 | D        | Reached skill level 22 in Transmutations
    65 | D        | Reached skill level 22 in Fire Magic
    65 | D        | Reached skill level 22 in Ice Magic
    65 | D        | Reached skill level 19 in Air Magic
    65 | D        | Reached skill level 27 in Earth Magic
    65 | D        | Reached skill level 21 in Poison Magic
    65 | D        | Reached skill level 27 in Evocations
    66 | D        | Reached skill level 23 in Conjurations
    66 | D        | Noticed an accursed
    66 | D        | HP: 95/298 [large bag of meat (73)]
    66 | D        | HP: 42/298 [bag of meat (15)]
    66 | D        | Annihilated by a destroyer

Vanquished Creatures
  Sigmund (D)
  A royal mummy (D)
  7 vampire knights (D)
  19 ogres (D)
  3 two-headed ogres (D)
  A lich (D)
  30 orcs (D)
  5 skeletal warriors (D)
67 creatures vanquished.

Table legend: (Time is in decaauts)
 A = Elapsed time spent in this place.
 B = Non-inter-level travel time spent in this place.
 C = Inter-level travel time spent in this place.
 D = Time resting spent in this place.
 E = Time spent auto-exploring this place.
 F = Levels seen in this place.
 G = Mean time per level.
                   A        B        C        D        E       F      G
               +--------+--------+--------+--------+--------+-----+--------+
         Total |     55 |     55 |      0 |      0 |      0 |   1 |   55.0 |
       Dungeon |     55 |     55 |      0 |      0 |      0 |   1 |   55.0 |
               +--------+--------+--------+--------+--------+-----+--------+

Top non-repeatable levels by time:
       D: 55 daAuts
